[Event "*** Titled Tuesday Blitz"]
[Site "Chess.com"]
[Date "2020.11.10"]
[Round "4"]
[White "Kavyev_Ruslan"]
[Black "PawnEatingZombie"]
[Result "1-0"]
[WhiteElo "2396"]
[BlackElo "2167"]
[TimeControl "180+1"]
[EndTime "10:40:21 PST"]
[Termination "Kavyev_Ruslan won by resignation"]

1. d4 d5 2. c4 e6 3. Nf3 dxc4 4. g3 b5 5. Bg2 Bb7 6. O-O a6 7. Nc3 Nf6 8. a4 c6 9. Ne5 Qc8 10. e4 Nbd7 11. Bg5 Be7 12. Nxd7 Qxd7 13. e5 Nd5 14. Bxe7 Kxe7 15. Ne4 h6 16. b3 c3 17. Qd3 b4 18. a5 c5 19. Nxc5 Qc6 20. Qc4 Rhc8 21.
Ra4 Rab8 22. Rxb4 c2 23. Rc1 Ne3 24. Bxc6 Nxc4 25. Bxb7 Nxa5 26. Bxc8 Rxb4 27. Bxa6 1-0

[Event "*** Titled Tuesday Blitz"]
[Site "Chess.com"]
[Date "2020.11.10"]
[Round "4"]
[White "SHIVACalypso"]
[Black "KacperPolOK"]
[Result "1-0"]
[WhiteElo "2315"]
[BlackElo "2449"]
[TimeControl "180+1"]
[EndTime "10:40:23 PST"]
[Termination "SHIVACalypso won by resignation"]

1. Nf3 e6 2. c4 f5 3. g3 Nf6 4. Bg2 d5 5. O-O Be7 6. d3 O-O 7. Nbd2 c5 8. e4 d4 9. e5 Nfd7 10. Re1 Nc6 11. Nf1 Qc7 12. Bf4 b6 13. a3 Bb7 14. h4 a6 15. N1h2 b5 16. b3 Rab8 17. Qd2 bxc4 18. bxc4 Na5 19. Rab1 Bc6 20. Ng5 Bxg2 21.
Kxg2 Bxg5 22. Bxg5 Rxb1 23. Rxb1 Nc6 24. Nf3 Rb8 25.
Rxb8+ Qxb8 26. Qc2 Qb6 27. Bf4 h6 28. h5 Kf7 29.
Qd2 Na5 30. Bxh6 gxh6 31. Qxh6 Ke7 32. Qg7+ Kd8 33. h6 Qb3 34. h7 Qxd3 35. h8=Q+ Kc7 36.
Qe8 1-0

[Event "*** Titled Tuesday Blitz"]
[Site "Chess.com"]
[Date "2020.11.10"]
[Round "4"]
[White "ChessWarrior7197"]
[Black "Funo09"]
[Result "1-0"]
[WhiteElo "3006"]
[BlackElo "2817"]
[TimeControl "180+1"]
[EndTime "10:40:24 PST"]
[Termination "ChessWarrior7197 won by resignation"]

1. e4 d5 2. exd5 Qxd5 3. Nc3 Qa5 4. d4 Nf6 5. Nf3 Bf5 6. Bd2 e6 7. Qe2 Bb4 8. a3 Nc6 9. Qb5 O-O-O 10. O-O-O a6 11. Qc4 Bxc3 12. Bxc3 Qd5 13. Qxd5 exd5 14. Bd3 Bxd3 15. Rxd3 Ne4 16. Be1 Rhe8 17. Kd1 Re6 18.
h4 Rde8 19. Ng5 Nxg5 20. hxg5 Re4 21. f3 Rxd4 22. Rxd4 Nxd4 23. Rxh7 Ne6 24. Bd2 Re7 25. f4 g6 26. f5 gxf5 27. g6 Kd7 28. g7 Re8 29. Bh6 1-0

[Event "*** Titled Tuesday Blitz"]
[Site "Chess.com"]
[Date "2020.11.10"]
[Round "4"]
[White "northridgehawk"]
[Black "Nikolaj_6"]
[Result "0-1"]
[WhiteElo "2267"]
[BlackElo "2589"]
[TimeControl "180+1"]
[EndTime "10:40:27 PST"]
[Termination "Nikolaj_6 won by resignation"]

1. e4 c5 2. Nf3 d6 3. d4 cxd4 4. Nxd4 Nf6 5. Nc3 a6 6. h3 e5 7.
Nde2 h5 8. g3 b5 9. Bg2 Bb7 10.
O-O Nbd7 11. a4 b4 12. Nd5 Bxd5 13. exd5 a5 14. Be3 h4 15. g4 Be7 16. f4 exf4 17. Nxf4 O-O 18. g5 Ne8 19. g6 Bg5 20. Qh5 fxg6 21. Qxg6 Qf6 22. Qh5 Qh6 23. Qg4 Ne5 24. Qxg5 Qxg5 25. Rae1 Qe7 26. Ne6 Rxf1+ 27. Rxf1 Nf6 28. Bg5 Rc8 29. Be4 Qa7+ 30. Kh1 Nxe4 31. Bxh4 Rxc2 0-1

[Event "*** Titled Tuesday Blitz"]
[Site "Chess.com"]
[Date "2020.11.10"]
[Round "4"]
[White "MoreChessJulia"]
[Black "BanjoKazooieN64"]
[Result "0-1"]
[WhiteElo "2086"]
[BlackElo "2393"]
[TimeControl "180+1"]
[EndTime "10:40:29 PST"]
[Termination "BanjoKazooieN64 won by checkmate"]

1. d4 Nf6 2. c4 g6 3. f3 Bg7 4. e4 O-O 5. Nc3 d6 6. Bg5 h6 7. Be3 e5 8. d5 Nh5 9. Qd2 Qh4+ 10. Bf2 Qf4 11. Be3 Qh4+ 12. Bf2 Qe7 13. Nge2 f5 14. h3 f4 15. O-O-O a5 16. Kb1 Na6 17. Nc1 b6 18.
Rg1 Nc5 19. Nd3 Ba6 20. b3 Rab8 21. Rc1 Qd7 22. Qc2 a4 23. b4 Bxc4 24. Nxc5 bxc5 25. Bxc4 Rxb4+ 26. Ka1 Rxc4 27. Qd3 Rd4 28. Bxd4 exd4 29. Nb1 Rb8 30. Nd2 Rb4 31. Rb1 c4 32. Nxc4 Rxc4 33. Qxc4 d3+ 34. Rb2 a3 35. Rb1 d2 36. Qd3 axb2+ 37. Rxb2 Qb5 38. Qxb5 d1=Q# 0-1

[Event "*** Titled Tuesday Blitz"]
[Site "Chess.com"]
[Date "2020.11.10"]
[Round "4"]
[White "Gajuchess"]
[Black "WPWPWP-2015"]
[Result "0-1"]
[WhiteElo "2709"]
[BlackElo "2540"]
[TimeControl "180+1"]
[EndTime "10:40:36 PST"]
[Termination "WPWPWP-2015 won by resignation"]

1. c4 Nf6 2. Nc3 e5 3. g3 d5 4.
cxd5 Nxd5 5. Bg2 Nb6 6. d3 Be7 7. Be3 O-O 8. Rc1 Nc6 9. Bxc6 bxc6 10. Nf3 Nd5 11. Nxe5 Nxe3 12. fxe3 Bg5 13. Qd2 Re8 14. d4 f6 15. Nxc6 Qd7 16. Nd1 Bb7 17. d5 Qh3 18.
Kf2 Qf5+ 19. Kg1 Qe4 20. Rc3 Rad8 21. Nxd8 Bxd5 22. Qxd5+ Qxd5 23. Rd3 Qe4 24. h4 Bh6 25. Rh2 Qa8 0-1

[Event "*** Titled Tuesday Blitz"]
[Site "Chess.com"]
[Date "2020.11.10"]
[Round "4"]
[White "vinniethepooh"]
[Black "jens1102"]
[Result "1-0"]
[WhiteElo "2619"]
[BlackElo "2376"]
[TimeControl "180+1"]
[EndTime "10:40:37 PST"]
[Termination "vinniethepooh won by resignation"]

1. d4 Nf6 2. c4 e6 3. Nc3 Bb4 4. f3 d5 5. a3 Bxc3+ 6. bxc3 Nc6 7. cxd5 exd5 8. e3 O-O 9. Bd3 Na5 10. Ne2 c5 11.
O-O cxd4 12. cxd4 b6 13. e4 dxe4 14. fxe4 Bb7 15. Bg5 Re8 16. Rf4 Qb8 17. Bxf6 gxf6 18. Qe1 Kh8 19. Qh4 Qd8 20. Qh6 Rg8 21. Rxf6 Rg6 22.
Rxg6 fxg6 23. Rf1 Qe7 24. Nf4 Qd6 25. e5 Qxd4+ 26. Kh1 Be4 27. Nxg6+ Bxg6 28. Rf8+ 1-0

[Event "*** Titled Tuesday Blitz"]
[Site "Chess.com"]
[Date "2020.11.10"]
[Round "4"]
[White "MarcoRiehle"]
[Black "Nemsko"]
[Result "1/2-1/2"]
[WhiteElo "2663"]
[BlackElo "2369"]
[TimeControl "180+1"]
[EndTime "10:40:37 PST"]
[Termination "Game drawn by repetition"]

1. e4 e5 2. Nf3 Nc6 3. Bc4 Bc5 4. O-O Nf6 5. d4 Bxd4 6. Nxd4 Nxd4 7. Bg5 h6 8. Bh4 Ne6 9. Bxe6 dxe6 10. Qxd8+ Kxd8 11. f4 exf4 12. e5 g5 13. exf6 gxh4 14. Nc3 c6 15. Rad1+ Kc7 16. Rxf4 Rg8 17. Ne4 h3 18. g3 e5 19. Rf2 Bg4 20. Re1 Rad8 21. Nc5 Rge8 22.
Re4 h5 23. Nd3 Rd5 24. Rd2 Bf3 25. Re3 e4 26. Rf2 Red8 27. Ne1 Rd1 28. Rf1 R8d2 29.
Rf2 Rd6 30. Rf1 R6d2 31. Rf2 Rd6 32. Rf1 R6d2 1/2-1/2

[Event "*** Titled Tuesday Blitz"]
[Site "Chess.com"]
[Date "2020.11.10"]
[Round "4"]
[White "mapleaff"]
[Black "Evachess2006"]
[Result "1-0"]
[WhiteElo "2374"]
[BlackElo "1630"]
[TimeControl "180+1"]
[EndTime "10:40:37 PST"]
[Termination "mapleaff won by resignation"]

1. e4 e5 2. Nf3 Nc6 3. Bb5 Nf6 4. O-O d6 5. d4 exd4 6. Nxd4 Bd7 7. Nxc6 Bxc6 8. Bxc6+ bxc6 9. Nc3 g6 10. Bg5 Bg7 11.
Qd3 O-O 12. Qc4 h6 13. Bxf6 Bxf6 14. Qxc6 Rb8 15. Rab1 Rb6 16. Qc4 c6 17. Rfd1 Qe7 18. b3 Qe5 19. Na4 Rbb8 20. Qxc6 Bg7 21. c4 Rfc8 22.
Qd5 Qxd5 23. Rxd5 Re8 24. f3 Re6 25. Rbd1 Rd8 26. Nc5 Bf8 27. Nxe6 1-0

[Event "*** Titled Tuesday Blitz"]
[Site "Chess.com"]
[Date "2020.11.10"]
[Round "4"]
[White "Lenyas66"]
[Black "tandaleo"]
[Result "1-0"]
[WhiteElo "2466"]
[BlackElo "2300"]
[TimeControl "180+1"]
[EndTime "10:40:38 PST"]
[Termination "Lenyas66 won by resignation"]

1. d4 d5 2. Bg5 c6 3. Nc3 h6 4. Bh4 Qb6 5. Rb1 e5 6. dxe5 Bb4 7. e3 Nd7 8. Nf3 Nc5 9. Bd3 Bg4 10. O-O g5 11. Bg3 Ne7 12. h3 Bh5 13. Ne2 Bxf3 14. gxf3 Nxd3 15. Qxd3 Ng6 16. e6 Be7 17. c4 O-O-O 18.
exf7 Nh4 19. Bxh4 gxh4 20. Qf5+ Kb8 21. Nf4 dxc4 22. Ng6 Bd6 23. Rbd1 Qc7 24. Qf6 Rhf8 25. Nxf8 1-0

[Event "*** Titled Tuesday Blitz"]
[Site "Chess.com"]
[Date "2020.11.10"]
[Round "4"]
[White "Vandros57"]
[Black "Barmen_EV"]
[Result "0-1"]
[WhiteElo "2203"]
[BlackElo "2412"]
[TimeControl "180+1"]
[EndTime "10:40:42 PST"]
[Termination "Barmen_EV won on time"]

1. d4 d5 2. Nf3 Nf6 3. c4 e6 4. Nc3 Bb4 5. Bg5 h6 6. Bxf6 Qxf6 7. cxd5 exd5 8. Rc1 O-O 9. e3 c6 10. Be2 Bf5 11. O-O Nd7 12. a3 Bd6 13. Bd3 a5 14.
Bxf5 Qxf5 15. Qc2 Qh5 16. h3 Rae8 17. e4 Bf4 18. Rce1 dxe4 19. Rxe4 Bb8 20. Rh4 Qg6 21. Qxg6 fxg6 22. Rg4 Nf6 23. Rxg6 Kh7 24. Nh4 Rd8 25. Rd1 Rf7 26. f4 Bxf4 27. Ne2 Bg5 28. Rxg5 hxg5 29.
Nf3 Kh6 30. Kf2 Re7 31. Ng3 Ne4+ 32. Nxe4 Rxe4 33. Kg3 Rd5 0-1

[Event "*** Titled Tuesday Blitz"]
[Site "Chess.com"]
[Date "2020.11.10"]
[Round "4"]
[White "nochewycandy"]
[Black "Legendinunknown"]
[Result "1-0"]
[WhiteElo "2541"]
[BlackElo "2710"]
[TimeControl "180+1"]
[EndTime "10:40:45 PST"]
[Termination "nochewycandy won by checkmate"]

1. e4 e5 2. Qh5 Nc6 3. Bc4 g6 4. Qf3 Qf6 5. Nc3 Qxf3 6. Nxf3 Nge7 7. Nb5 Na5 8. Bb3 Nxb3 9. axb3 Rb8 10. Nxc7+ Kd8 11. Nb5 f6 12. Nxa7 Nc6 13. Nb5 d6 14. c3 Bg4 15. d3 Be7 16. Be3 Kd7 17. Nd2 f5 18. f3 Bh5 19. Nc4 f4 20. Bf2 g5 21.
Nb6+ Ke6 22. Nc7+ Kf7 23. g4 Bg6 24. h4 h5 25. gxh5 Rxh5 26. Nbd5 gxh4 27. Ke2 h3 28. b4 Bd8 29. Nb5 Ke6 30. Rag1 Bf7 31. Rg7 Ne7 32.
Nbc7+ Bxc7 33. Nxc7+ Kf6 34. Rgg1 d5 35. d4 dxe4 36.
fxe4 Ng6 37. dxe5+ Nxe5 38. Bd4 Rc8 39. Nd5+ Bxd5 40.
exd5 Kf5 41. Rg7 Re8 42. Rxb7 Nc6+ 43. Kd3 Nxd4 44. Kxd4 f3 45. Rf7+ Kg4 46. Rg1+ Kh4 47. Rf4# 1-0

[Event "*** Titled Tuesday Blitz"]
[Site "Chess.com"]
[Date "2020.11.10"]
[Round "4"]
[White "niki_2003"]
[Black "winniethepooh04"]
[Result "1-0"]
[WhiteElo "1969"]
[BlackElo "2205"]
[TimeControl "180+1"]
[EndTime "10:40:47 PST"]
[Termination "niki_2003 won on time"]

1. d4 Nf6 2. c4 g6 3. Nc3 Bg7 4. e4 d6 5. Nf3 O-O 6. Be2 a6 7. O-O Bg4 8. Rb1 Bxf3 9. Bxf3 Nbd7 10. b4 e5 11. d5 h6 12. Be3 Nh7 13. Qd2 g5 14.
Bg4 Ndf6 15. Bf5 Nh5 16. c5 Nf4 17. g3 Ng6 18. b5 h5 19. a4 h4 20. a5 axb5 21.
Nxb5 Re8 22. cxd6 cxd6 23. Bb6 Qe7 24. Nc7 g4 25. Nxa8 Ng5 26. Bxg4 Rxa8 27. Rfc1 Nxe4 28. Qe3 1-0

[Event "*** Titled Tuesday Blitz"]
[Site "Chess.com"]
[Date "2020.11.10"]
[Round "4"]
[White "CM_rui"]
[Black "WiktoriaPOL"]
[Result "1-0"]
[WhiteElo "2395"]
[BlackElo "2099"]
[TimeControl "180+1"]
[EndTime "10:40:49 PST"]
[Termination "CM_rui won by resignation"]

1. e4 c5 2. Nf3 g6 3. c4 Nc6 4. d4 cxd4 5. Nxd4 Nf6 6. Nc3 d6 7.
Be3 Ng4 8. Be2 Nxe3 9. fxe3 Bg7 10. O-O O-O 11. Qd2 Qb6 12. Rad1 Nxd4 13. exd4 e5 14. Nd5 Qxd4+ 15. Qxd4 exd4 16. Nf6+ Bxf6 17. Rxf6 Be6 18.
Rxd4 Rfd8 19. Rf1 Rac8 20. Rfd1 Rc6 21. e5 Ra6 22. a3 Rb6 23. b4 a5 24. c5 Rc6 25.
exd6 axb4 26. axb4 b6 27. Bf3 bxc5 28. Bxc6 cxd4 29.
Rxd4 Bd7 30. b5 Kf8 31. Bxd7 Rxd7 32. b6 Ke8 33. Ra4 Rb7 34. Ra8+ Kd7 35. Ra7 1-0

[Event "*** Titled Tuesday Blitz"]
[Site "Chess.com"]
[Date "2020.11.10"]
[Round "4"]
[White "Aygehovit1992"]
[Black "Guenplen"]
[Result "0-1"]
[WhiteElo "2669"]
[BlackElo "2891"]
[TimeControl "180+1"]
[EndTime "10:40:50 PST"]
[Termination "Guenplen won by resignation"]

1. e4 c5 2. Nc3 Nc6 3. f4 g6 4.
Nf3 Bg7 5. Bb5 Nd4 6. Nxd4 cxd4 7. Ne2 Nh6 8. O-O O-O 9. d3 f5 10. e5 d6 11. Bc4+ Kh8 12. c3 b5 13. Bd5 Rb8 14.
e6 dxc3 15. bxc3 Ng4 16. Qb3 b4 17. d4 Ba6 18. c4 Nf6 19. Bc6 d5 20. Bb5 Bxb5 21.
cxb5 Rxb5 22. a4 Rb6 23. Bd2 Rxe6 24. Nc1 Ne4 25. Bxb4 Bxd4+ 0-1

[Event "*** Titled Tuesday Blitz"]
[Site "Chess.com"]
[Date "2020.11.10"]
[Round "4"]
[White "BigAl"]
[Black "starworld123"]
[Result "0-1"]
[WhiteElo "2482"]
[BlackElo "2677"]
[TimeControl "180+1"]
[EndTime "10:40:52 PST"]
[Termination "starworld123 won by resignation"]

1. e4 c5 2. Nc3 Nc6 3. g3 g6 4. Bg2 Bg7 5. d3 e6 6. Be3 b6 7. f4 Nge7 8. Nf3 d5 9. Bd2 O-O 10. O-O Bb7 11. h3 Rc8 12. Rb1 Nd4 13. Nh2 dxe4 14. Nxe4 Ndf5 15. Qe1 c4 16. dxc4 Rxc4 17. c3 Bxe4 18. Bxe4 Rxe4 19. Qxe4 Nxg3 20. Qg2 Nxf1 21. Rxf1 Nf5 22. Ng4 Qd3 23. Bc1 Rd8 24. Qb7 Qd7 25. Qf3 Qd5 26. Qxd5 Rxd5 27. Ne3 Nxe3 28. Bxe3 Rd3 29.
Re1 Bf8 30. Kg2 Bc5 31. Bxc5 bxc5 32. Re2 Kg7 33. b4 cxb4 34. cxb4 Rd4 35. Rb2 Rxf4 36.
a4 Rc4 37. Kf3 e5 38. Ke3 Rd4 39. a5 a6 40. b5 axb5 41. Rxb5 Kf6 42. Rb6+ Kf5 43.
Rb7 f6 44. Rxh7 Ra4 45. Ra7 Ra3+ 46. Kd2 Rxh3 47. a6 Ra3 48. Kc2 e4 49. Kb2 Ra5 50. Kb3 e3 51. Re7 Rxa6 52. Rxe3 g5 53. Kc4 Rd6 54. Kc5 Rd1 55. Rf3+ Kg6 56. Kc4 f5 57. Ra3 g4 58. Ra6+ Kg5 59. Kc3 g3 60.
Kc2 Rd8 61. Ra8 Rxa8 0-1

[Event "*** Titled Tuesday Blitz"]
[Site "Chess.com"]
[Date "2020.11.10"]
[Round "4"]
[White "profofchess"]
[Black "Aleksey_Sorokin"]
[Result "0-1"]
[WhiteElo "2439"]
[BlackElo "2739"]
[TimeControl "180+1"]
[EndTime "10:40:52 PST"]
[Termination "Aleksey_Sorokin won on time"]

1. e4 c6 2. Nc3 d5 3. Nf3 dxe4 4. Nxe4 Nd7 5. Bc4 e6 6. Qe2 Ngf6 7. Neg5 Nb6 8. Ne5 Nxc4 9. Qxc4 Qd5 10. Qxd5 exd5 11. Ngxf7 Rg8 12. Ng5 Bd6 13. d4 h6 14. Ngf3 Bf5 15. c3 O-O-O 16. O-O Rde8 17. h3 g5 18. Nf7 Bf8 19. Re1 Ne4 20. Nh2 Re7 21. Ne5 Bg7 22. f3 Nd6 23. Bd2 Rge8 24. Neg4 Re2 25. Rxe2 Rxe2 26. Nf1 Nc4 27. Re1 Rxe1 28. Bxe1 Nxb2 29.
Ng3 Bb1 30. Nh5 Bf8 31. a3 Nc4 32. Ne5 Nxe5 33. dxe5 Bxa3 34. g3 a5 35. f4 a4 36.
fxg5 hxg5 37. Nf6 Be7 38. c4 dxc4 0-1

[Event "*** Titled Tuesday Blitz"]
[Site "Chess.com"]
[Date "2020.11.10"]
[Round "4"]
[White "Radzio1987"]
[Black "SharapovEvgeny"]
[Result "1/2-1/2"]
[WhiteElo "2785"]
[BlackElo "2466"]
[TimeControl "180+1"]
[EndTime "10:40:56 PST"]
[Termination "Game drawn by repetition"]

1. c4 c5 2. g3 Nc6 3. Bg2 g6 4. Nc3 Bg7 5. b3 e5 6. Bb2 Nge7 7. e3 O-O 8. Nge2 d6 9. d3 Be6 10. Nd5 Rb8 11. Nec3 a6 12. O-O b5 13. Qd2 b4 14.
Nxe7+ Nxe7 15. Nd5 Nxd5 16. cxd5 Bd7 17. f4 exf4 18.
gxf4 Bxb2 19. Qxb2 f5 20. e4 fxe4 21. dxe4 Qh4 22.
Qd2 Rbe8 23. Rae1 g5 24. fxg5 Rxf1+ 25. Rxf1 Re5 26. Rf6 Rxg5 27. Qf2 Qxf2+ 28. Kxf2 Rg6 29. Rf4 Kg7 30. Bf1 Rf6 31. Rxf6 Kxf6 32. Bxa6 Ke5 33. Ke3 h6 34. Be2 Be8 35. h4 Bg6 36. Bf3 Bh7 37. h5 Bg8 38. Bg4 Bh7 39. Bf3 Bg8 40. Be2 Bh7 41. Bf3 1/2-1/2

[Event "*** Titled Tuesday Blitz"]
[Site "Chess.com"]
[Date "2020.11.10"]
[Round "4"]
[White "yobdc"]
[Black "AliKa2810"]
[Result "1-0"]
[WhiteElo "2416"]
[BlackElo "2560"]
[TimeControl "180+1"]
[EndTime "10:40:57 PST"]
[Termination "yobdc won by resignation"]

1. d4 d5 2. Nf3 c6 3. e3 Bg4 4. h3 Bh5 5. g4 Bg6 6. Ne5 Nd7 7. Nxg6 hxg6 8. c4 e6 9. Qb3 Qc7 10. Nc3 Ngf6 11. Bg2 Be7 12. Bd2 O-O 13. g5 dxc4 14. Qxc4 Nd5 15. h4 N7b6 16. Qe2 e5 17. h5 Bxg5 18. hxg6 fxg6 19. O-O-O Qf7 20. Ne4 Bh6 21. dxe5 a5 22. f4 Nb4 23. Bxb4 axb4 24. b3 Ra5 25. Nd6 Qe7 26. Qc2 Rfa8 27. Qxg6 Rxa2 28. Rxh6 Rxg2 29. Qh7+ 1-0

[Event "*** Titled Tuesday Blitz"]
[Site "Chess.com"]
[Date "2020.11.10"]
[Round "4"]
[White "KarstenHansch"]
[Black "TorFredrikKaasen"]
[Result "0-1"]
[WhiteElo "2524"]
[BlackElo "2726"]
[TimeControl "180+1"]
[EndTime "10:40:58 PST"]
[Termination "TorFredrikKaasen won by checkmate"]

1. e4 c5 2. Nf3 d6 3. c3 Nf6 4. Qc2 Nc6 5. Be2 Bg4 6. O-O Rc8 7. d3 e6 8. Be3 Be7 9. Nbd2 O-O 10. h3 Bh5 11. a3 d5 12. Qb3 c4 13. Qxb7 cxd3 14.
Bxd3 Bxf3 15. gxf3 d4 16. cxd4 Nxd4 17. Qxa7 Nxf3+ 18.
Nxf3 Qxd3 19. Qd4 Qa6 20. e5 Nd5 21. Rfc1 h6 22. Rxc8 Rxc8 23. Rc1 Rxc1+ 24. Bxc1 Qe2 25. Kg2 Qc2 26. Bf4 Bc5 27. Qd2 Nxf4+ 28. Qxf4 Qxf2+ 29. Kh1 h5 30. b4 Qf1+ 31. Kh2 Bg1+ 32. Kg3 Qf2# 0-1

[Event "*** Titled Tuesday Blitz"]
[Site "Chess.com"]
[Date "2020.11.10"]
[Round "4"]
[White "Smile2005"]
[Black "Sadykov_Ramil"]
[Result "0-1"]
[WhiteElo "2389"]
[BlackElo "2561"]
[TimeControl "180+1"]
[EndTime "10:40:58 PST"]
[Termination "Sadykov_Ramil won by resignation"]

1. Nf3 d5 2. g3 Nc6 3. Bg2 e5 4. O-O Be6 5. d3 f6 6. Nbd2 Qd7 7. c4 Nge7 8. cxd5 Nxd5 9. a3 h5 10. Nh4 Bc5 11. b4 Bd4 12. Bxd5 Bxa1 13. Bxe6 Qxe6 14. e3 g5 15. Nhf3 Qa2 16. Ne4 Rh6 17. Re1 O-O-O 18. Re2 Qb1 19. Qd2 Rxd3 20. Qc2 Qxc2 21.
Rxc2 g4 22. Nh4 Ne7 23. Kg2 f5 24. Nc5 Rd1 25. Nb3 Rc6 26. Rxc6 bxc6 0-1

[Event "*** Titled Tuesday Blitz"]
[Site "Chess.com"]
[Date "2020.11.10"]
[Round "4"]
[White "Makswolf200817"]
[Black "Sueetin"]
[Result "0-1"]
[WhiteElo "2438"]
[BlackElo "2289"]
[TimeControl "180+1"]
[EndTime "10:40:59 PST"]
[Termination "Sueetin won by resignation"]

1. d4 Nf6 2. c4 e6 3. g3 d5 4. Nf3 Bb4+ 5. Bd2 Be7 6. Bg2 O-O 7. O-O c6 8. Qc2 Ne4 9. Bf4 Nd6 10. Nbd2 Nd7 11. e4 dxe4 12. Nxe4 Nxe4 13. Qxe4 a5 14. Rad1 a4 15. Rfe1 Qa5 16. d5 cxd5 17.
cxd5 Nf6 18. Qe5 Bb4 19. Bd2 exd5 20. a3 Bxd2 21. Nxd2 Bg4 22. f3 Rfe8 23. Qd4 Bf5 24. Kf2 h5 25. Bf1 Rxe1 26. Rxe1 Re8 27. Rxe8+ Nxe8 28. Ke3 Nc7 29. g4 hxg4 30. fxg4 Ne6 31. Qe5 d4+ 0-1

[Event "*** Titled Tuesday Blitz"]
[Site "Chess.com"]
[Date "2020.11.10"]
[Round "4"]
[White "MasterKroket"]
[Black "MasterMK73"]
[Result "0-1"]
[WhiteElo "2424"]
[BlackElo "2259"]
[TimeControl "180+1"]
[EndTime "10:41:01 PST"]
[Termination "MasterMK73 won by resignation"]

1. d4 d5 2. c4 e6 3. Nc3 c6 4. Nf3 dxc4 5. e3 b5 6. a4 Bb4 7. Bd2 a5 8. axb5 Bxc3 9. Bxc3 cxb5 10. b3 Bb7 11. bxc4 b4 12. Bb2 Nf6 13. Bd3 Nbd7 14.
O-O O-O 15. Re1 Qc7 16. e4 e5 17. d5 Rfe8 18. Qe2 Nc5 19. Nxe5 Rxe5 20. f4 Ree8 21. e5 Rad8 22. Bc2 h6 23. Qf3 Nxd5 24. cxd5 Rxd5 25. Qg4 Rd2 26. Rac1 Rxg2+ 27. Qxg2 Bxg2 28. Kxg2 Qb7+ 29. Kf2 a4 30. Bd4 Ne6 31. Bxa4 Nxd4 32. Bxe8 Qf3+ 33. Kg1 Ne2+ 34. Rxe2 Qxe2 35. Rc8 Kh7 36. Bxf7 Qg4+ 0-1

[Event "*** Titled Tuesday Blitz"]
[Site "Chess.com"]
[Date "2020.11.10"]
[Round "4"]
[White "zmeeed67"]
[Black "NefeLV"]
[Result "1-0"]
[WhiteElo "2375"]
[BlackElo "1760"]
[TimeControl "180+1"]
[EndTime "10:41:02 PST"]
[Termination "zmeeed67 won on time"]

1. e4 e6 2. Nf3 d5 3. e5 c5 4. b4 b6 5. a3 Bd7 6. c3 Nc6 7. d4 Be7 8. Bd3 f6 9. O-O fxe5 10. dxe5 Qc7 11. Bf4 Nh6 12. Re1 Nf7 13. b5 Na5 14. a4 c4 15. Bc2 Nb7 16. Nbd2 Nc5 17. Nd4 g5 18. Bg3 Nd3 19. Bxd3 cxd3 20. Rc1 h5 21. h3 h4 22. Bh2 a6 23. c4 dxc4 24. Rxc4 Bc5 25.
N2b3 axb5 26. axb5 Ke7 27. Qxd3 Ra3 28. Qc2 1-0

[Event "*** Titled Tuesday Blitz"]
[Site "Chess.com"]
[Date "2020.11.10"]
[Round "4"]
[White "Luklei18"]
[Black "romulocardoso"]
[Result "0-1"]
[WhiteElo "2330"]
[BlackElo "2082"]
[TimeControl "180+1"]
[EndTime "10:41:05 PST"]
[Termination "romulocardoso won on time"]

1. c4 Nf6 2. Nc3 e6 3. Nf3 d5 4. e3 b6 5. cxd5 exd5 6. g3 Bb7 7. Bg2 Be7 8. O-O O-O 9. b3 Re8 10. Bb2 c5 11. d4 Nbd7 12. Rc1 Ne4 13. dxc5 Ndxc5 14.
Nd4 Bf6 15. b4 Nxc3 16. Bxc3 Ne4 17. Bb2 Ba6 18. Re1 Rc8 19. Qa4 Bc4 20. b5 Nc5 21. Qc2 Nd3 22. Nc6 Qd6 23. Bxf6 Qxf6 24. Nxa7 Ra8 25. Nc6 Rxa2 26. Re2 Nxc1 0-1

[Event "*** Titled Tuesday Blitz"]
[Site "Chess.com"]
[Date "2020.11.10"]
[Round "4"]
[White "WeAintSurePal"]
[Black "crazy_but_lazy"]
[Result "0-1"]
[WhiteElo "2303"]
[BlackElo "2468"]
[TimeControl "180+1"]
[EndTime "10:41:06 PST"]
[Termination "crazy_but_lazy won by resignation"]

1. d4 Nf6 2. Nf3 e6 3. Bg5 d5 4. e3 Be7 5. Nbd2 O-O 6. Bd3 h6 7. Bh4 b6 8. Ne5 Bb7 9. c3 Ne4 10. Bxe7 Qxe7 11. Qf3 Nxd2 12. Kxd2 Nd7 13. Nxd7 Qxd7 14.
h4 e5 15. dxe5 c5 16. Qf5 Qxf5 17. Bxf5 Rae8 18. f4 f6 19. exf6 Rxf6 20. Bd3 d4 21. exd4 cxd4 22. Rae1 dxc3+ 23. bxc3 Rd8 24. Re7 Ba6 25. Rh3 Bxd3 26. Rxd3 Rxd3+ 27. Kxd3 Rxf4 28. Rxa7 Rxh4 29. Rb7 Rg4 30. Rxb6 Rxg2 31. a4 Ra2 32.
Rb4 h5 33. Kc4 Kf7 34. Kb5 g5 35. a5 g4 36. a6 g3 37. Kb6 g2 38. Rb1 h4 39. a7 h3 40. Rg1 Kf6 41. Kb7 Ke5 42.
Re1+ Kf4 43. Re2 Rxa7+ 44. Kxa7 g1=Q+ 45. Ka6 Qf1 0-1

[Event "*** Titled Tuesday Blitz"]
[Site "Chess.com"]
[Date "2020.11.10"]
[Round "4"]
[White "Rud_Makarian"]
[Black "SlavenPastar"]
[Result "1-0"]
[WhiteElo "2815"]
[BlackElo "2543"]
[TimeControl "180+1"]
[EndTime "10:41:08 PST"]
[Termination "Rud_Makarian won by checkmate"]

1. d4 b6 2. e4 Bb7 3. Nc3 e6 4. Bd3 Nf6 5. Qe2 Bb4 6. Nf3 d5 7. e5 Ne4 8. O-O Nxc3 9. bxc3 Bxc3 10. Rb1 Nc6 11. Qe3 Bb4 12. Qf4 Be7 13. Qg4 g6 14. c3 h5 15. Qf4 Qd7 16. Ng5 Bxg5 17. Qxg5 Rg8 18. Qh4 Ne7 19. Bg5 Nf5 20. Qf4 a5 21. h4 Ba6 22. Bxa6 Rxa6 23. Rfc1 b5 24. a4 c6 25. Qd2 Qb7 26. f3 Kd7 27. g4 hxg4 28.
fxg4 Ne7 29. Qf4 Ke8 30. Qf6 Rf8 31. axb5 cxb5 32. Rxb5 Ng8 33. Qd8# 1-0

[Event "*** Titled Tuesday Blitz"]
[Site "Chess.com"]
[Date "2020.11.10"]
[Round "4"]
[White "atalz0"]
[Black "pedromartinez91"]
[Result "0-1"]
[WhiteElo "2398"]
[BlackElo "2579"]
[TimeControl "180+1"]
[EndTime "10:41:09 PST"]
[Termination "pedromartinez91 won on time"]

1. d4 b6 2. e4 Bb7 3. Bd3 e6 4. Ne2 d5 5. Nbc3 Nf6 6. e5 Ne4 7. O-O Nxc3 8. Nxc3 c5 9. Be3 Nc6 10. Bb5 a6 11. Bxc6+ Bxc6 12. Qd2 Be7 13. Rad1 O-O 14. Ne2 Bb5 15. Rfe1 Bxe2 16. Rxe2 Rc8 17. c3 b5 18. f4 cxd4 19. Bxd4 Qd7 20. Rf2 Bc5 21.
Bxc5 Rxc5 22. Qd3 g6 23. a3 Rc4 24. Rf3 Qc6 25. h4 Re4 26. h5 Qc4 27. Qxc4 bxc4 28. Kf2 f6 29. hxg6 hxg6 30. Re1 Rxe1 31. Kxe1 fxe5 32.
fxe5 Rxf3 33. gxf3 g5 34. Kf2 Kg7 35. Kg3 a5 36. a4 Kh6 37. f4 gxf4+ 38. Kxf4 Kh5 39. Ke3 Kg5 40. Kd4 Kf4 41. Kc5 Kxe5 42. Kb5 Kd6 43. Kxa5 Kc7 44. Kb5 e5 45. Kc5 e4 0-1

[Event "*** Titled Tuesday Blitz"]
[Site "Chess.com"]
[Date "2020.11.10"]
[Round "4"]
[White "No_t_ime_to_die"]
[Black "Manukyan_Artak"]
[Result "0-1"]
[WhiteElo "2475"]
[BlackElo "2346"]
[TimeControl "180+1"]
[EndTime "10:41:09 PST"]
[Termination "Manukyan_Artak won by resignation"]

1. e4 c6 2. d4 d5 3. f3 Nf6 4. e5 Nfd7 5. e6 fxe6 6. f4 e5 7. fxe5 e6 8. Bd3 g6 9. Nf3 Be7 10.
Bh6 c5 11. c3 Nc6 12. O-O Qb6 13. Bg5 cxd4 14. cxd4 Nxd4 15. Kh1 Nxf3 16. Bxe7 Kxe7 17. Rxf3 Nxe5 18. Nc3 Nxf3 19. Qxf3 Rf8 20. Qe2 Kd8 21. Re1 Qf2 22. Qe5 Bd7 23. Nxd5 exd5 24. Qe7+ Kc8 25. Qxf8+ Qxf8 0-1